Map: Overgrowth LE (Void)

Players

Musumeci - Winner!

  • Race: Zerg Zerg
  • League: Diamond
  • Spawn Location: 7:00

TutenChamon

  • Race: Terran Terran
  • League: Diamond
  • Spawn Location: 1:00

VOD

Have the link to the VOD?

Description

Time

  • Played on: Jan. 17, 2017, 3:17 p.m.
  • Length: 12:03
Show
View Real Time Build Order
Export as new Build Order

Musumeci Zerg - Winner!

Build Orders: Hatch First 

Get SALT Encoding   

  12  0:02  Drone  
  13  0:12  Drone  
  14  0:16  Drone, Extractor  
  15  0:40  Hatchery  
  14  0:46  Drone, Extractor  
  15  1:00  Spawning Pool  
  14  1:16  Drone, Extractor  
  13  1:26  Drone  
  13  1:28  Drone, Extractor  
  13  1:31  Overlord  
  15  1:49  Queen  
  15  1:50  Drone  
  15  1:51  Drone  
  19  1:57  Queen  
  21  2:10  Zergling x6  
  24  2:18  Metabolic Boost  
  24  2:30  Drone x3  
  27  2:38  Overlord  
  27  2:46  Drone  
  28  3:07  Drone x8  
  35  3:32  Overlord x2  
  35  3:45  Overlord  
  35  3:47  Overlord  
  34  3:54  Drone  
  34  3:55  Drone x6  
  41  3:56  Hatchery  
  40  4:02  Roach Warren  
  39  4:13  Queen x2  
  43  4:22  Evolution Chamber  
  42  4:25  Evolution Chamber  
  42  4:29  Extractor  
  40  4:31  Drone  
  40  4:32  Drone x2  
  40  4:33  Overlord  
  45  4:45  Roach  
  45  4:46  Roach x5  
  55  5:04  Roach x2  
  59  5:07  Lair  
  59  5:08  Drone  
  59  5:09  Drone x2, Extractor  
  59  5:10  Drone  
  59  5:12  Drone x2  
  64  5:24  Drone  
  64  5:25  Drone, Spore Crawler  
  64  5:27  Drone, Spore Crawler x2  
  64  5:30  Drone, Spore Crawler  
  64  5:38  Drone x3  
  64  5:39  Extractor  
  64  5:40  Drone  
  64  5:42  Drone  
  68  5:44  Drone  
  60  6:29  Drone x4  
  65  6:32  Drone  
  65  6:33  Drone  
  66  6:43  Glial Reconstitution  
  66  6:45  Zerg Ground Armor Level 1, Zerg Missile Weapons Level 1  
  66  6:52  Drone  
  66  6:53  Drone x7  
  74  7:14  Overlord x3  
  74  7:32  Queen  
  74  7:35  Ravager x7  
  74  7:36  Roach x7  
  97  7:38  Drone  
  97  7:39  Extractor  
  97  7:40  Overlord x5, Extractor  
  96  7:55  Drone  
  96  7:56  Drone  
  98  7:58  Drone  
  98  7:59  Drone x3  
  98  8:00  Drone  
  98  8:01  Drone x3  
  98  8:02  Drone  
  106  8:20  Ravager x3  
  106  8:21  Roach x11  
  131  8:38  Roach x3  
  131  8:39  Roach  
  118  8:46  Roach x4  
  95  8:58  Roach x5  
  97  9:06  Ravager x3  
  97  9:07  Ravager  
  90  9:34  Ravager x3  
  83  9:41  Roach x9  
  83  9:42  Roach x8  
  77  10:16  Roach x11  
  77  10:17  Roach x4  
  103  10:23  Queen  
  103  10:25  Queen  
  107  10:32  Ravager x3  
  107  10:34  Ravager  
  111  10:37  Hatchery  
  111  10:39  Extractor x2  
  108  10:55  Ravager x2  
  108  10:56  Roach  
  108  10:57  Roach x11  
  134  11:06  Overseer  
  134  11:10  Roach x2  
  138  11:11  Overlord  
Show
View Real Time Build Order
Export as new Build Order

TutenChamon Terran 

Build Orders: MMM Bio 

Get SALT Encoding   

  12  0:00  SCV  
  13  0:13  SCV  
  14  0:22  Supply Depot  
  14  0:25  SCV  
  15  0:43  SCV  
  15  0:44  Barracks  
  15  0:49  Refinery  
  16  0:55  SCV  
  17  1:08  SCV  
  17  1:20  SCV  
  18  1:32  SCV  
  19  1:39  Command Center  
  20  1:49  Barracks Reactor  
  20  1:51  Supply Depot  
  19  1:56  Orbital Command  
  19  2:15  Barracks  
  19  2:21  SCV  
  20  2:25  Marine x2  
  22  2:31  Refinery  
  22  2:33  SCV  
  23  2:43  Marine x2  
  25  2:52  Orbital Command  
  25  2:54  SCV  
  26  3:01  Marine x2  
  28  3:06  SCV  
  28  3:09  Factory  
  29  3:18  Marine  
  30  3:26  SCV  
  30  3:30  SCV  
  30  3:31  Barracks Tech Lab  
  30  3:37  Supply Depot  
  30  3:38  SCV  
  31  3:42  SCV  
  31  3:48  Marine x2  
  34  3:50  SCV  
  34  3:54  SCV  
  36  3:57  Starport  
  36  3:59  Stimpack  
  36  4:00  Marine, Factory Reactor  
  38  4:02  SCV  
  38  4:05  Marine  
  38  4:06  Marine  
  40  4:12  SCV  
  40  4:15  Supply Depot  
  41  4:17  SCV  
  41  4:18  Marine  
  41  4:22  Supply Depot  
  41  4:24  SCV, Marine x2  
  43  4:29  SCV  
  47  4:36  SCV  
  48  4:44  Marine  
  48  4:45  Marine x2  
  51  4:49  SCV  
  51  4:52  SCV  
  53  4:54  Medivac x2  
  53  4:55  Factory Tech Lab  
  57  5:00  Engineering Bay  
  57  5:01  SCV  
  57  5:02  Marine x2  
  57  5:04  SCV  
  57  5:05  Engineering Bay  
  57  5:07  Refinery x2, Marine, Liberator  
  62  5:14  Siege Tank  
  62  5:20  Marine  
  66  5:23  Liberator, Marine, Supply Depot  
  70  5:40  SCV x2, Marine  
  76  5:46  Supply Depot  
  76  5:52  SCV x2  
  76  5:56  Marine x2  
  80  5:58  Marine  
  80  6:00  Combat Shields, Terran Infantry Weapons Level 1  
  80  6:03  Missile Turret  
  81  6:05  Missile Turret  
  68  6:30  Marauder, Marine  
  67  6:33  Medivac  
  67  6:34  Medivac  
  67  6:35  Terran Infantry Armor Level 1  
  67  6:38  Marine  
  69  6:52  Marauder  
  71  6:55  Marine  
  71  6:56  Siege Tank  
  75  7:06  SCV  
  75  7:07  Marine  
  74  7:13  Marauder, Marine  
  74  7:14  Barracks  
  77  7:17  Barracks  
  77  7:20  Medivac  
  77  7:21  Medivac  
  78  7:24  SCV, Marine  
  78  7:26  Concussive Shells  
  80  7:34  Marine  
  80  7:35  Marauder  
  83  7:45  Siege Tank  
  83  7:50  Medivac  
  88  7:54  Marine x2  
  88  7:56  Marauder  
  92  7:59  Supply Depot  
  92  8:00  Supply Depot  
  92  8:02  Barracks Reactor  
  92  8:03  Supply Depot  
  93  8:06  Barracks Reactor  
  93  8:07  Supply Depot  
  93  8:08  Supply Depot  
  93  8:12  Marine  
  93  8:14  Marine  
  93  8:17  Marauder, Siege Tank  
  99  8:30  Marine  
  99  8:31  Marine  
  99  8:32  Supply Depot  
  101  8:39  Marauder  
  87  8:48  Marine  
  79  9:00  Marauder  
  81  9:05  Marine x5  
  81  9:09  Marine  
  87  9:10  Medivac x2  
  91  9:21  Marauder  
  91  9:23  Marine x3  
  90  9:43  Marauder  
  92  9:54  Marine x2  
  92  9:55  Marine x3  
  97  10:04  Marauder  
  74  10:16  Marine x4  
  74  10:17  Marine x2  
  77  10:25  SCV  
  77  10:26  Marauder  
  77  10:31  Armory  
  77  10:34  SCV, Marine x6  
  84  10:37  Command Center  
  84  10:40  Siege Tank  
  87  10:44  Supply Depot  
  87  10:46  Starport Tech Lab, Supply Depot  
  87  10:47  Marauder  
  89  10:52  Marine x4  
  93  11:03  Marine x2  
  95  11:06  Raven  
  95  11:08  Marauder  
  99  11:12  Siege Tank  
  102  11:21  Command Center  
  101  11:30  Marauder  
Tags
 
Composition
MMM Bio
Matchup
TvZ
Replay Pack
replay pack
Spawn Locations
Cross Positions
Add a new tag
Caveats
  • Supply blocks, unpowered buildings, or Contaminate may cause inaccurate times.
  • Supply counts are checked every 10 seconds.